 Dungeon Crawl Stone Soup version 0.29-a0-284-gf9362112df (webtiles) character file.

Game seed: 17604039141017879520

121 Vomitron the Ducker (level 4, -3/35 HPs)
             Began as a Demonspawn Gladiator on Mar 17, 2022.
             Was a Follower of Cheibriados.
             Killed by nerve-wracking pain
             ... invoked by Grinder
              (4 damage)
             ... while paralysed by Grinder
             ... on level 3 of the Dungeon.
             The game lasted 00:04:43 (2866 turns).

Vomitron the Ducker (Demonspawn Gladiator)          Turns: 2866, Time: 00:04:43

Health: -3/35      AC:  9    Str: 18    XL:     4   Next: 77%
Magic:  0/6        EV:  2    Int: 16    God:    Cheibriados [*.....]
Gold:   157        SH:  0    Dex: 17    Spells: 7/7 levels left

rFire   . . .      SeeInvis .   j - +2 dagger (vamp)
rCold   . . .      Faith    .   (no shield)
rNeg    . . .      Spirit   +   l - +0 ring mail
rPois   .          Reflect  .   c - +0 helmet
rElec   .          Harm     .   m - +0 cloak
rCorr   .          Rampage  .   q - +0 pair of gloves
Will    +....      Clarity  +   o - +0 pair of boots
Stlth   +.........              (no amulet)
HPRegen 0.11/turn               (no ring)
MPRegen 0.20/turn               (no ring)

@: paralysed, attractive, very slow
A: magic shield, magic regeneration, weakness stinger 1, clarity, clever 1, low
MP 1, strong-willed 1
a: Renounce Religion, Bend Time


You were on level 3 of the Dungeon.
You worshipped Cheibriados.
Cheibriados was aware of your devotion.
You visited 1 branch of the dungeon, and saw 3 of its levels.

You collected 157 gold pieces.

Inventory:

Hand Weapons
 a - a +0 trident
 j - a +2 vampiric dagger (weapon)
Missiles
 d - 3 throwing nets (quivered)
 e - a javelin
Armour
 b - a +0 leather armour
 c - a +0 helmet (worn)
 i - a +0 scale mail
 l - a +0 ring mail (worn)
 m - a +0 cloak (worn)
 o - a +0 pair of boots (worn)
 q - a +0 pair of gloves (worn)
Scrolls
 h - a scroll of teleportation {unknown}
 p - a scroll of enchant weapon {unknown}
 r - a scroll of noise {unknown}
Potions
 g - a potion of curing


   Skills:
 + Level 3.0 Fighting
 * Level 3.2 Polearms
 - Level 1.7 Throwing
 - Level 0.5 Armour
 + Level 3.2 Dodging
 - Level 2.0 Spellcasting
 + Level 0.7 Invocations


You had 7 spell levels left.
You didn't know any spells.
Your spell library contained the following spells:

 Spells                   Type           Power      Damage    Failure   Level
 Magic Dart               Conj           4%         1d3       36%         1
 Call Imp                 Summ           1%         N/A       50%         2
 Mephitic Cloud           Conj/Pois/Air  1%         N/A       73%         3


Dungeon Overview and Level Annotations

Branches:
Dungeon (3/15)

Altars:
Cheibriados
Fedhas

Annotations:
D:3 Grinder


Innate Abilities, Weirdness & Mutations

When hurt, damage is shared between your health and your magic reserves.
You regenerate magic rapidly.
You have a small tail.
You possess an exceptional clarity of mind.
Your mind is acute. (Int +2)
Your magical capacity is low. (-10% MP)
You are strong-willed. (Will+)


Message History

You writhe in agony.
* * * LOW HITPOINT WARNING * * *
Unknown command.
Unknown command.
You hit Grinder.
Your tail-slap misses Grinder.
Your punch misses Grinder.
Grinder is severely wounded.
Grinder hits you but does no damage.
You hit Grinder.
Grinder is severely wounded.
Grinder hits you but does no damage.
You hit Grinder but do no damage. You tail-slap Grinder.
Grinder is almost dead.
Grinder barely misses you.
You barely miss Grinder.
Grinder is almost dead.
Grinder gestures at you. Pain shoots through your body!
* * * LOW HITPOINT WARNING * * *
Unknown command.
Unknown command.
You closely miss Grinder.
Grinder is almost dead.
Grinder completely misses you.
You hit Grinder. You tail-slap Grinder.
Grinder is almost dead.
Grinder gestures at you. You resist with some effort.
You hit Grinder.
Grinder is almost dead.
Grinder gestures at you.
You suddenly lose the ability to move!
Grinder hits you.
* * * LOW HITPOINT WARNING * * *
You writhe in agony.
* * * LOW HITPOINT WARNING * * *
Grinder gestures at you.
You easily resist.
Grinder gestures at you. Pain shoots through your body!
You die...

####...≈≈≈....
#.......≈.....
.##.............
.....≈.......... #..#
....≈≈.......... ...
#................ ..#
#................ ..#
#........@# ..#
#.......5## ..#
#.≈......# ..#
#.≈≈.....# ..#
#≈......##
..##+####.......$#
........................
.#†.....................
.#.......#..≈≈.....5....


You could see Grinder.

Vanquished Creatures
  Robin (D:1)
  4 adders
  3 worms
  5 ball pythons
  5 endoplasms
  3 giant cockroaches
  9 goblins
  7 hobgoblins
  6 jackals
  3 quokkas
  2 bats
  A frilled lizard (D:1)
  6 kobolds
  6 rats
61 creatures vanquished.

Notes
Turn   | Place    | Note
-------+----------+-------------------------------------------
     0 | D:1      | Vomitron the Demonspawn Gladiator began the quest for the
                  | Orb.
     0 | D:1      | Reached XP level 1. HP: 16/16 MP: 1/1
   111 | D:1      | You fall into a shaft and drop 1 floor!
   366 | D:1      | Gained mutation: You regenerate magic rapidly. [demonic
                  | ancestry]
   366 | D:1      | Reached XP level 2. HP: 22/22 MP: 2/2
   931 | D:1      | Reached skill level 1 in Spellcasting
  1259 | D:2      | Gained mutation: You have a small tail. [demonic ancestry]
  1259 | D:2      | Reached XP level 3. HP: 21/28 MP: 4/4
  1643 | D:2      | Noticed Robin
  2028 | D:1      | Gained mutation: When hurt, damage is shared between your
                  | health and your magic reserves. [demonic ancestry]
  2028 | D:1      | Reached XP level 4. HP: 25/34 MP: 6/6
  2038 | D:1      | Killed Robin
  2236 | D:2      | Found a faded altar of an unknown god.
  2251 | D:2      | Prayed at the altar of an unknown god.
  2251 | D:2      | Became a worshipper of Cheibriados the Contemplative
  2251 | D:2      | Reached * piety under Cheibriados
  2285 | D:2      | Found a blossoming altar of Fedhas.
  2827 | D:3      | Noticed Grinder
  2835 | D:3      | Gained mutation: Your magical capacity is low. (-10% MP)
                  | [potion of mutation]
  2835 | D:3      | Gained mutation: You possess an exceptional clarity of
                  | mind. [potion of mutation]
  2835 | D:3      | Gained mutation: Your mind is acute. (Int +2) [potion of
                  | mutation]
  2835 | D:3      | Gained mutation: You are strong-willed. (Will+) [potion of
                  | mutation]
  2839 | D:3      | Paralysed by Grinder for 7 turns
  2849 | D:3      | Paralysed by Grinder for 2 turns
  2863 | D:3      | Paralysed by Grinder for 5 turns
  2864 | D:3      | HP: 1/35 [Grinder (3)]
  2866 | D:3      | Killed from afar by Grinder

Illustrated notes

Levels and vault maps discovered:
D:1:      dpeg_arrival_rhombus, layout_basic, interstate_on_off
D:2:      layout_loops_ring, basic_altar,
          hellmonk_ecumenical_altar_leap_of_faith, uniq_robin
D:3:      layout_basic, kennysheep_decorative_pillar, uniq_grinder

Skill      XL: |  1  2  3  4 |
---------------+-------------+-----
Polearms       | 3 |  3.2
Spellcasting   | 1 2 |  2.0
Dodging        | 3 |  3.2
Fighting       | 3 |  3.0
Throwing       | |  1.7
Armour         | |  0.5
Invocations    | |  0.7

Action                   |  1- 3 |  4- 6 || total
-------------------------+-------+-------++-------
Melee: Trident           |    76 |       ||    76
       Dagger            |    64 |   106 ||   170
       Punch             |     3 |     2 ||     5
       Tailslap          |     5 |    16 ||    21
  Use: Potion            |       |     3 ||     3
       Scroll            |       |     1 ||     1
 Stab: Sleeping          |     2 |       ||     2
Armor: Leather armour    |    46 |     8 ||    54
       Ring mail         |       |    23 ||    23
Dodge: Dodged            |    92 |    46 ||   138

Table legend: (Time is in decaauts)
 A = Elapsed time spent in this place.
 B = Non-inter-level travel time spent in this place.
 C = Inter-level travel time spent in this place.
 D = Time resting spent in this place.
 E = Time spent auto-exploring this place.
 F = Levels seen in this place.
 G = Mean time per level.
                   A        B        C        D        E       F      G
               +--------+--------+--------+--------+--------+-----+--------+
         Total |   3040 |   2915 |    125 |    962 |   1329 |   3 | 1013.3 |
       Dungeon |   3040 |   2915 |    125 |    962 |   1329 |   3 | 1013.3 |
               +--------+--------+--------+--------+--------+-----+--------+

Top non-repeatable levels by time:
     D:1: 1631 daAuts
     D:2: 1158 daAuts
     D:3: 250 daAuts
